AoeStats
← Crow

Black Forest

510875110Analyzed
2v2 RM · 14h ago on Oct 2, 2026· 53m 21s· 4 players
Game mode
Random Map
Map size
Medium (4 player)
Population
200
Speed
Normal
Resources
Standard
Victory
Conquest
Starting age
Dark Age
Ending age
Imperial Age
RankedLock teamsTeams togetherTeam positionsShared explorationLock speedFull tech treeHidden civsTurbo modeCheats
Victory
Defeat
🇨🇱 Burgundians · Chile
884
+12
🇨🇱 Mongols · Chile
864
+13
🇦🇷 Romans · Argentina
799
-13
🇦🇷 Persians · Argentina
780
-12
Nadir El Terrible
1:15 Loom
14:41 Feudal Age
15:20 Double-Bit Axe
15:19 Horse Collar
16:39 Wheelbarrow
23:23 Castle Age
24:45 Hand Cart
25:17 Heavy Plow
25:37 Bow Saw
25:26 Gold Mining
25:28 Stone Mining
31:48 Imperial Age
29:55 Crossbowman
31:04 Caravan
34:44 Kamandaran
35:56 Conscription
35:44 Thumb Ring
37:46 Scale Barding Armor
37:52 Forging
37:34 Fletching
37:45 Padded Archer Armor
38:11 Ballistics
37:48 Murder Holes
38:55 Chemistry
37:57 Cavalier
39:37 Chain Barding Armor
SIMON_EL_CALVO
2:41 Loom
20:07 Feudal Age
21:25 Wheelbarrow
20:36 Town Watch
21:38 Man-at-Arms
22:34 Stone Mining
22:34 Gold Mining
22:27 Horse Collar
24:04 Double-Bit Axe
32:15 Castle Age
31:08 Padded Archer Armor
30:58 Fletching
31:09 Scale Mail Armor
32:32 Forging
34:15 Hand Cart
35:57 Bow Saw
37:41 Heavy Plow
38:01 Town Patrol
43:31 Imperial Age
46:25 Heavy Scorpion
47:47 Ballistas
49:44 Comitatenses
Crow
2:52 Loom
13:47 Feudal Age
14:46 Double-Bit Axe
18:22 Horse Collar
19:10 Bow Saw
23:09 Castle Age
21:15 Heavy Plow
23:24 Stone Mining
25:46 Two-Man Saw
25:37 Crop Rotation
25:53 Wheelbarrow
25:44 Scale Mail Armor
25:55 Forging
25:44 Gold Mining
27:01 Town Watch
27:48 Chain Mail Armor
28:10 Iron Casting
29:15 Gold Shaft Mining
32:15 Caravan
36:25 Imperial Age
33:41 Pikeman
34:22 Squires
34:09 Arson
35:58 Burgundian Vineyards
37:10 Hand Cart
37:32 Conscription
36:39 Halberdier
37:37 Capped Ram
39:38 Cavalier
40:19 Husbandry
40:53 Plate Mail Armor
41:24 Blast Furnace
41:37 Paladin
42:34 Scale Barding Armor
48:53 Chain Barding Armor
Magocuro
0:48 Loom
14:18 Feudal Age
20:04 Castle Age
19:31 Double-Bit Axe
20:33 Wheelbarrow
20:04 Gold Mining
20:14 Horse Collar
24:06 Heavy Plow
24:19 Bow Saw
26:13 Town Watch
27:38 Fletching
30:55 Stone Mining
36:28 Imperial Age
35:30 Bodkin Arrow
35:36 Padded Archer Armor
37:12 Hand Cart
37:20 Ballistics
37:12 Masonry
37:16 Fortified Wall
37:32 Ballistics
37:23 Masonry
38:24 Husbandry
38:35 Bloodlines
39:01 Conscription
39:01 Forging
38:56 Scale Barding Armor
38:38 Heavy Camel Rider
41:58 Chemistry
41:23 Chain Barding Armor
42:05 Light Cavalry
43:53 Hussar
44:36 Cavalier
46:58 Conscription
45:59 Elite Mangudai
46:53 Murder Holes
46:50 Capped Ram
50:05 Siege Ram
51:44 Gold Shaft Mining
Connection lost

Rejoining the realm…

Still unreachable

The connection could not be restored.

Session expired

The server has moved on; the page needs a fresh start.